 Dungeon Crawl Stone Soup version 0.19-a0-1922-g1e9a4c1 (webtiles) character file.

60994 Morenatsu the Acrobat (level 15, -6/117 HPs)
             Began as a Merfolk Gladiator on Oct 24, 2016.
             Was an Elder of Yredelemnul.
             Mangled by a sphinx (9 damage)
             ... summoned by Kirke
             ... while paralysed by a sphinx
             ... on level 13 of the Dungeon.
             The game lasted 01:11:07 (21274 turns).

Morenatsu the Acrobat (Merfolk Gladiator)          Turns: 21274, Time: 01:11:10

Health: -6/117     AC:  0    Str: 17    XL:     15   Next: 1%
Magic:  23/23      EV:  3    Int:  7    God:    Yredelemnul [****..]
Gold:   1319       SH:  0    Dex: 20    Spells: 0 memorised, 14 levels left

rFire  . . .     SeeInvis .     (weapon currently unavailable)
rCold  . . .     Gourm    .     (armour currently unavailable)
rNeg   . . .     Faith    +     (shield currently unavailable)
rPois  .         Spirit   .     (helmet currently unavailable)
rElec  .         Reflect  .     (cloak currently unavailable)
rCorr  .         Harm     .     (gloves currently unavailable)
MR     +....                    (boots currently unavailable)
Stlth  +.........               o - amulet of faith
                                (ring currently unavailable)
                                (ring currently unavailable)

@: paralysed, pig-form, slowed, very quick
A: (change form in water), (swift swim), (stealthy swim)
a: Recall Undead Slaves, Injury Mirror, Animate Dead, Drain Life, Renounce
Religion


You were on level 13 of the Dungeon.
You worshipped Yredelemnul.
Yredelemnul was greatly pleased with you.
You were not hungry.
You were a filthy swine.
You visited 4 branches of the dungeon, and saw 22 of its levels.

You collected 2230 gold pieces.
You spent 911 gold pieces at shops.

Inventory:

Hand Weapons
 s - a +6 trident of freezing (melded)
Armour
 c - a +1 helmet (melded)
 q - a +0 cloak (melded)
 z - a +0 pair of gloves (melded)
 D - a +0 pair of boots
 E - the +3 leather armour of the Orb Guardian (melded) {+Blink rC- Str+3 Int+2}
   (You bought it in a shop on level 4 of the Dungeon)

   It affects your strength (+3).
   It affects your intelligence (+2).
   It makes you vulnerable to cold.
   It lets you blink.
 R - the +1 pair of boots of Idogefry (melded) {rPois Regen+ SInv}
   (You found it on level 5 of the Lair of Beasts)

   It protects you from poison.
   It lets you see invisible.
   It increases your rate of regeneration.
Jewellery
 d - a ring of protection from fire (melded)
 g - an uncursed ring of resist corrosion
 l - an uncursed ring of protection from cold {unknown}
 n - a +4 ring of protection (melded)
 o - an amulet of faith (around neck)
 r - an uncursed ring of protection from magic
 T - an uncursed amulet of harm
Wands
 b - a wand of teleportation (6/9)
 G - a wand of flame (4/48)
 J - a wand of disintegration (5/24)
 P - a wand of lightning (13/15)
 U - a wand of random effects (17/48)
 X - a wand of flame (25/48)
Scrolls
 k - 3 scrolls of recharging
 p - 9 scrolls of identify
 t - 5 scrolls of enchant armour
 v - 4 scrolls of fear
 w - a scroll of enchant weapon
 y - 7 scrolls of remove curse
 A - a scroll of fog {unknown}
 B - 2 scrolls of amnesia
 F - 9 scrolls of teleportation
 H - a scroll of magic mapping
 I - 3 scrolls of blinking
 V - a scroll of acquirement {unknown}
Potions
 a - 5 potions of heal wounds
 e - 10 potions of haste
 h - 15 potions of curing
 j - 3 potions of might
 m - 2 potions of magic
 u - 8 potions of flight
 x - 4 potions of lignification
 C - 2 potions of ambrosia
 K - a potion of berserk rage
 M - 2 potions of invisibility
 O - a potion of beneficial mutation {unknown}
 Q - a potion of agility
Comestibles
 f - 11 bread rations
 i - 5 meat rations
 L - 2 beef jerkies
 N - 3 slices of pizza
 S - 3 royal jellies
 W - 24 fruits
 Y - a chunk of flesh


   Skills:
 - Level 10.8 Fighting
 - Level 19.0 Polearms
 - Level 2.0 Throwing
 + Level 22.1 Dodging
 - Level 11.6 Invocations


You had 14 spell levels left.
You didn't know any spells.

Dungeon Overview and Level Annotations

Branches:
Dungeon (13/15)            Temple (1/1) D:6            Lair (6/6) D:11
  Swamp (0/4) Lair:2       Spider (0/4) Lair:2        Slime (0/5) Lair:5
    Orc (2/2) D:10            Elf (0/3) Orc:2
 Vaults: D:13-14

Altars:
Ashenzari
Cheibriados
Dithmenos
Elyvilon
Fedhas
Gozag
Hepliaklqana
Kikubaaqudgha
Makhleb
Nemelex Xobeh
Okawaru
Qazlal
Ru
Sif Muna
Trog
Uskayaw
Vehumet
Xom
Yredelemnul
Zin
The Shining One
Beogh

Shops:
D:4 [!   D:10 ?   Orc:2 !%%?

Annotations:
D:13 Kirke


Message History

You feel a momentary urge to oink.
The sphinx casts a spell.
You suddenly lose the ability to move!
Something hits you! The sphinx hits you! The sphinx hits you.
The sphinx hits you! Something hits you! The sphinx hits you!!
* * * LOW HITPOINT WARNING * * *
The sphinx hits you.
* * * LOW HITPOINT WARNING * * *
The sphinx hits you!
* * * LOW HITPOINT WARNING * * *
You hear some strange, mumbled words.
You feel as though you will be slow longer.
The sphinx hits you!
* * * LOW HITPOINT WARNING * * *
The sphinx hits you.
* * * LOW HITPOINT WARNING * * *
The sphinx hits you!
You die...
Your body rises from the dead as a mindless zombie.

#..........#.##
#..........≈.≈####
#..........≈.....#
#..........≈≈≈≈≈.#
#....|.....≈≈≈≈≈.#
#................#
#.........≈≈≈≈≈≈# #
#.........≈≈≈≈≈# .#
#.........#≈≈h####.#
#.........'.n{H....###
####......###.........
######## #.........
#.†....... #.........
#......... #.........
#.........


You could see a sphinx and a friendly ghoul.

Vanquished Creatures
  Gastronok (D:12)
  A stone giant (Orc:2)
  2 dire elephants (Lair:6)
  The ghost of yrara the Protected, a journeyman MiFi of Yredelemnul (Lair:4)
  5 hydras
  An anaconda (Lair:6)
  A death knight (D:12)
  3 orc high priests
  4 death yaks
  A deep elf knight (Orc:2)
  2 unseen horrors
  Pikel (D:8)
  5 orc knights
  3 deep elf magi
  A manticore (D:11)
  4 orc sorcerers
  An ugly thing (D:11)
  6 elephants
  A black mamba (Lair:3)
  Joseph (D:8)
  2 spiny frogs
  A freezing wraith (D:12)
  A rime drake (D:11)
  5 komodo dragons
  3 polar bears
  5 trolls
  A two-headed ogre (D:12)
  14 blink frogs
  A raiju (shapeshifter) (D:13)
  7 dream sheep (Lair:5)
  6 hippogriffs
  A wyvern (Lair:3)
  2 shadows
  4 basilisks
  2 redbacks (Lair:2)
  33 yaks
  2 wraiths
  2 steam dragons (D:10)
  A hungry ghost (D:12)
  2 vampire mosquitoes (D:12)
  Menkaure (D:7)
  3 wargs (D:10)
  A soldier ant (D:12)
  9 water moccasins
  A swamp worm (Lair:2)
  12 porcupines
  17 orc warriors
  A hornet zombie (D:12)
  An eye of draining (D:12)
  2 ice beasts
  2 sky beasts (D:7)
  7 ogres
  4 slaves (D:8)
  A necrophage (D:7)
  9 crocodiles
  8 centaurs
  4 big kobolds
  9 bullfrogs
  3 scorpions
  6 killer bees
  20 wights
  An electric eel (Lair:2)
  3 howler monkeys (D:7)
  3 crimson imps
  A quasit (D:12)
  4 bullfrog zombies
  2 centaur zombies
  3 hounds
  12 orc priests
  14 orc wizards
  2 iguanas
  6 worker ants
  A hound zombie (D:8)
  3 hound skeletons
  3 gnolls (D:5)
  16 adders
  2 river rats (D:11)
  An adder skeleton (D:9)
  3 adder zombies
  A worm (D:5)
  2 dart slugs (D:1)
  5 leopard geckos
  53 orcs
  9 bats
  2 giant cockroaches
  7 hobgoblins
  16 jackals
  6 quokkas
  3 ball pythons
  A frilled lizard (D:1)
  9 goblins
  13 kobolds
  A leopard gecko skeleton (D:5)
  A quokka skeleton (D:7)
  A quokka zombie (D:10)
  8 rats
  A fungus (Lair:5)
  2 plants (Lair:6)
482 creatures vanquished.

Vanquished Creatures (collateral kills)
  An orc warlord (Orc:2)
  2 dire elephants (Lair:6)
  2 hydras
  5 death yaks
  An orc high priest (Orc:1)
  A phantasmal warrior (D:12)
  An ugly thing (D:12)
  A manticore (D:12)
  A black mamba (Lair:1)
  3 elephants (Lair:6)
  4 spiny frogs
  A gargoyle (D:12)
  2 komodo dragons
  A freezing wraith (D:12)
  A polar bear (Lair:5)
  A troll (D:12)
  6 blink frogs
  2 dream sheep (Lair:5)
  A hippogriff (Lair:4)
  A wraith (D:12)
  17 yaks
  A basilisk (shapeshifter) (D:13)
  A basilisk (D:11)
  4 hogs (D:13)
  4 swamp worms (Lair:2)
  4 water moccasins
  3 porcupines
  A sky beast (D:13)
  2 crocodiles
  An ogre (D:9)
  3 bullfrogs
  4 wights
  A killer bee (D:11)
  A howler monkey (D:12)
  A crimson imp (D:13)
  A quasit (D:10)
  An orc priest (Orc:1)
  4 orc wizards
  An iguana (D:11)
  A worker ant (D:12)
  A worker ant zombie (D:9)
  An adder (D:8)
  A river rat (D:11)
  12 orcs
  5 kobolds (D:9)
  A rat (D:11)
  23 fungi
  10 plants
148 creatures vanquished.

Vanquished Creatures (others)
  3 flayed ghosts
  2 phantasmal warriors
  2 death yak zombies (Lair:6)
  2 redback zombies (Lair:2)
  2 hydra zombies
  10 flying skulls
  An ugly thing zombie (D:11)
  A vampire (Lair:6)
  3 wraiths
  An elf zombie (Orc:2)
  A spiny frog zombie (Lair:6)
  A blink frog zombie (Lair:6)
  3 dream sheep zombies (Lair:5)
  A hippogriff zombie (Lair:6)
  A water moccasin zombie (Lair:2)
  4 yak zombies
  2 wights (D:11)
  A yak skeleton (Orc:2)
  A troll zombie (Orc:1)
  3 centaur zombies
  2 basilisk zombies (D:11)
  A bullfrog zombie (D:12)
  An orc wizard (D:12)
  4 crocodile zombies
  2 killer bee zombies (D:11)
  A human zombie (D:8)
  A big kobold zombie (D:9)
  An ogre zombie (Orc:1)
  An ogre skeleton (Orc:1)
  A worker ant zombie (D:9)
  20 orc zombies
  A scorpion zombie (D:9)
  2 adder zombies
  An iguana zombie (D:13)
  A river rat zombie (D:11)
  2 jackal zombies (D:9)
  3 kobold zombies (D:9)
  An orc skeleton (D:12)
  4 rat skeletons (Orc:2)
  A bush (D:11)
  7 fungi
  6 plants
109 creatures vanquished.

Grand Total: 739 creatures vanquished

Notes
Turn   | Place    | Note
-------+----------+-------------------------------------------
     0 | D:1      | Morenatsu the Merfolk Gladiator began the quest for the Orb.
     0 | D:1      | Reached XP level 1. HP: 16/16 MP: 1/1
    17 | D:1      | Found a shattered altar of Ashenzari.
    86 | D:1      | Reached skill level 5 in Polearms
   110 | D:1      | Reached XP level 2. HP: 15/22 MP: 2/2
   714 | D:1      | Reached XP level 3. HP: 25/27 MP: 3/3
  1170 | D:2      | Reached XP level 4. HP: 23/33 MP: 4/4
  1744 | D:3      | Reached XP level 5. HP: 33/38 MP: 5/5
  1781 | D:3      | Reached XP level 6. HP: 8/44 MP: 6/6
  2450 | D:4      | Found Ahoulatz's Antique Armour Shop.
  2480 | D:4      | Reached skill level 10 in Polearms
  2687 | D:4      | Found Olisch's Distillery.
  2809 | D:4      | Found Vuluvyush's General Store.
  2912 | D:5      | Entered Level 5 of the Dungeon
  2923 | D:5      | Reached XP level 7. HP: 50/50 MP: 7/7
  3705 | D:5      | Reached XP level 8. HP: 56/56 MP: 8/8
  3889 | D:6      | Found a staircase to the Ecumenical Temple.
  3893 | Temple   | Entered the Ecumenical Temple
  4001 | Temple   | Became a worshipper of Yredelemnul the Dark
  4627 | D:6      | Killed an unseen horror
  5084 | D:7      | Reached skill level 15 in Polearms
  5107 | D:7      | Reached XP level 9. HP: 59/61 MP: 9/9
  5340 | D:7      | Reached * piety under Yredelemnul
  5519 | D:7      | Noticed Menkaure
  5526 | D:7      | Killed Menkaure
  6116 | D:8      | Noticed Pikel
  6123 | D:8      | Killed Pikel
  6611 | D:8      | Noticed Joseph
  6864 | D:8      | Reached XP level 10. HP: 59/67 MP: 10/10
  6877 | D:8      | Killed Joseph
  7046 | D:8      | Reached ** piety under Yredelemnul
  7307 | D:4      | Bought an ichor-stained leather armour for 217 gold pieces
  7317 | D:4      | Identified the +3 leather armour of the Orb Guardian {+Blink rC- Str+3 Int+2} (You bought it in a shop on level 4 of the Dungeon)
  7935 | D:9      | Reached skill level 5 in Dodging
  8231 | D:9      | Reached *** piety under Yredelemnul
  8370 | D:9      | Reached skill level 6 in Dodging
  8400 | D:10     | Entered Level 10 of the Dungeon
  8433 | D:10     | Found a staircase to the Orcish Mines.
  8449 | D:10     | Reached skill level 7 in Dodging
  8756 | D:10     | Reached skill level 8 in Dodging
  9185 | D:10     | Reached skill level 9 in Dodging
  9224 | D:10     | Found Xakheuw's Magic Scroll Shoppe.
  9232 | D:10     | Bought a scroll of blinking for 105 gold pieces
  9232 | D:10     | Bought a scroll of blinking for 105 gold pieces
  9232 | D:10     | Bought a scroll of teleportation for 42 gold pieces
  9582 | D:11     | Noticed a cyan ugly thing
  9607 | D:11     | Killed a cyan ugly thing
  9607 | D:11     | Reached skill level 10 in Dodging
  9819 | D:11     | Reached **** piety under Yredelemnul
  9819 | D:11     | Reached XP level 11. HP: 67/72 MP: 11/11
  9892 | D:11     | Reached skill level 1 in Invocations
 10079 | D:11     | Received a gift from Yredelemnul (a wight)
 10088 | D:11     | Reached skill level 5 in Invocations
 10115 | D:11     | Received a gift from Yredelemnul (a wight)
 10242 | D:11     | Found a staircase to the Lair.
 10593 | D:11     | Noticed a manticore
 10610 | D:11     | Killed a manticore
 10725 | Lair:1   | Entered Level 1 of the Lair of Beasts
 11017 | D:11     | Received a gift from Yredelemnul (a wraith)
 11776 | Lair:1   | Reached skill level 5 in Fighting
 12112 | Lair:2   | Noticed a death yak
 12113 | Lair:2   | Noticed a death yak
 12113 | Lair:2   | Noticed a death yak
 12320 | Lair:2   | Found a hole to the Spider Nest.
 12435 | Lair:2   | Reached XP level 12. HP: 82/91 MP: 18/18
 12489 | Lair:2   | Noticed a five-headed hydra
 12500 | Lair:2   | Killed a five-headed hydra
 12602 | Lair:1   | Killed a death yak
 12777 | Lair:2   | Reached ***** piety under Yredelemnul
 12833 | Lair:2   | Received a gift from Yredelemnul (a flying skull)
 12846 | Lair:2   | Received a gift from Yredelemnul (5 flying skulls)
 12953 | Lair:2   | Killed a death yak
 12960 | Lair:2   | Killed a death yak
 12960 | Lair:2   | Reached skill level 10 in Fighting
 13005 | Lair:2   | Found a staircase to the Swamp.
 13251 | Lair:3   | Received a gift from Yredelemnul (2 flying skulls)
 13952 | Lair:4   | Received a gift from Yredelemnul (2 flying skulls)
 14070 | Lair:4   | Noticed yrara's ghost (journeyman MiFi)
 14100 | Lair:4   | Killed yrara's ghost
 14138 | Lair:4   | Noticed a five-headed hydra
 14145 | Lair:4   | Killed a five-headed hydra
 14145 | Lair:4   | Reached skill level 10 in Invocations
 14505 | Lair:4   | Received a gift from Yredelemnul (a wraith)
 14567 | Lair:4   | Reached XP level 13. HP: 100/105 MP: 21/21
 15263 | Lair:5   | Reached skill level 11 in Dodging
 15701 | Lair:5   | Reached skill level 12 in Dodging
 15701 | Lair:5   | Received a gift from Yredelemnul (a wraith)
 15825 | Lair:5   | Got a pair of shimmering boots
 15836 | Lair:5   | Identified the +1 pair of boots of Idogefry {rPois Regen+ SInv} (You found it on level 5 of the Lair of Beasts)
 15837 | Lair:5   | Found a staircase to the Slime Pits.
 16276 | Lair:6   | Entered Level 6 of the Lair of Beasts
 16347 | Lair:6   | Reached skill level 13 in Dodging
 16361 | Lair:6   | Received a gift from Yredelemnul (a phantasmal warrior)
 16727 | Lair:6   | Reached skill level 14 in Dodging
 16933 | Lair:6   | Received a gift from Yredelemnul (a vampire)
 16936 | Lair:6   | Reached skill level 15 in Dodging
 17176 | Lair:6   | Noticed a dire elephant
 17176 | Lair:6   | Noticed a dire elephant
 17186 | Lair:6   | Killed a dire elephant
 17190 | Lair:6   | Killed a dire elephant
 17195 | Lair:6   | Killed a dire elephant
 17195 | Lair:6   | Reached XP level 14. HP: 97/111 MP: 22/22
 17328 | Lair:6   | Noticed a dire elephant
 17348 | Lair:6   | Killed a dire elephant
 17348 | Lair:6   | Reached skill level 16 in Dodging
 17349 | Lair:6   | Received a gift from Yredelemnul (a flayed ghost)
 17652 | Orc:1    | Entered Level 1 of the Orcish Mines
 17796 | Orc:1    | Found a burning altar of Makhleb.
 17960 | Orc:2    | Entered Level 2 of the Orcish Mines
 17970 | Orc:1    | Reached skill level 17 in Dodging
 18411 | Orc:2    | Reached skill level 18 in Dodging
 18721 | Orc:2    | Reached skill level 19 in Dodging
 18721 | Orc:2    | Received a gift from Yredelemnul (a flayed ghost)
 18790 | Orc:2    | Noticed an orc warlord
 18794 | Orc:2    | Noticed a stone giant
 18808 | Orc:2    | Killed an orc warlord
 18827 | Orc:2    | Killed a stone giant
 19093 | Orc:1    | Reached skill level 20 in Dodging
 19271 | Orc:2    | Found Suxabuz's Food Boutique.
 19271 | Orc:2    | Found Enecusoe's Distillery.
 19274 | Orc:2    | Found Ady Siom's Magic Scroll Boutique.
 19274 | Orc:2    | Found Xor Oza's Food Shoppe.
 19297 | Orc:2    | Bought a royal jelly for 26 gold pieces
 19297 | Orc:2    | Bought a bread ration for 65 gold pieces
 19297 | Orc:2    | Bought a meat ration for 65 gold pieces
 19297 | Orc:2    | Bought a royal jelly for 26 gold pieces
 19297 | Orc:2    | Bought a bread ration for 65 gold pieces
 19297 | Orc:2    | Bought a bread ration for 65 gold pieces
 19297 | Orc:2    | Bought a bread ration for 65 gold pieces
 19297 | Orc:2    | Bought a bread ration for 65 gold pieces
 19347 | Orc:2    | Found a staircase to the Elven Halls.
 19353 | Orc:2    | Found a roughly hewn altar of Beogh.
 19695 | D:12     | Noticed Gastronok
 19709 | D:12     | Killed Gastronok
 19818 | D:12     | Received a gift from Yredelemnul (a flayed ghost)
 20066 | D:12     | Reached skill level 21 in Dodging
 20410 | D:12     | Received a gift from Yredelemnul (a ghoul)
 20737 | D:12     | Received a gift from Yredelemnul (a phantasmal warrior)
 21102 | D:13     | Reached skill level 22 in Dodging
 21242 | D:13     | Noticed Kirke
 21244 | D:13     | Noticed a sphinx
 21263 | D:13     | Reached XP level 15. HP: 102/117 MP: 23/23
 21271 | D:13     | Paralysed by a sphinx for 7 turns
 21274 | D:13     | HP: 5/117 [sphinx[Kirke] (15)]
 21274 | D:13     | Mangled by a sphinx

Vault maps used:
D:1:      eino_arrival_cavern_b, ashenzari_altar_1
D:4:      first_bread, serial_curves, eino_curves_01, eino_curves_03,
          serial_shops, nicolae_shop_waterfront,
          nicolae_shop_competitors_out_of_business, nicolae_shop_behind_doors
D:7:      uniq_menkaure
D:8:      kennysheep_steamy, uniq_pikel, uniq_joseph
D:10:     minmay_orc_entry_guard_dogs, serial_shops, shop,
          kennysheep_generic_room_15
D:11:     minmay_lair_entry_grove, hangedman_decor_lopped
D:12:     minmay_open_boxes_in_corner, uniq_gastronok
D:13:     blue_anna_alchemist, st_stairs_6, uniq_kirke
Temple:   kilobyte_greek_temple
Lair:1:   lemuel_fruit_tree
Lair:2:   nicolae_swamp_entry_splash_gauntlet, spider_nest_entry_a
Lair:4:   serial_bayou_shore_b, lemuel_fruit_fields
Lair:5:   dpeg_slime_entry_corner
Lair:6:   due_jungle_book
Orc:1:    david_defended_altar_orc
Orc:2:    grunt_orc_tribal_feast, basic_altar, elf_legates

Skill      XL: |  1  2  3  4  5  6  7  8  9 10 11 12 13 14 |
---------------+-------------------------------------------+-----
Polearms       | 5 6 8 9 10 12 15 18 19 | 19.0
Dodging        | 10 15 22 | 22.1
Invocations    | 8 10 11 | 11.6
Fighting       | 7 10 | 10.8
Throwing       | |  2.0

Action                   |  1- 3 |  4- 6 |  7- 9 | 10-12 | 13-15 || total
-------------------------+-------+-------+-------+-------+-------++-------
Melee: Trident           |   123 |   148 |   249 |   651 |   860 ||  2031
       Tailslap          |       |     2 |       |       |     4 ||     6
       Unarmed           |       |       |       |       |     1 ||     1
Throw: Throwing net      |       |       |     2 |       |       ||     2
Invok: Animate Remains   |       |       |     4 |    12 |       ||    16
       Animate Dead      |       |       |       |    31 |    32 ||    63
       Recall Undead Sla |       |       |       |     1 |     1 ||     2
       Drain Life        |       |       |       |     2 |     4 ||     6
       Injury Mirror     |       |       |       |       |     2 ||     2
  Use: Scroll            |     3 |     6 |     9 |     7 |     5 ||    30
       Potion            |       |       |       |     1 |       ||     1
 Stab: Sleeping          |       |     1 |     2 |     5 |     2 ||    10
       Distracted        |       |       |     2 |    13 |    12 ||    27
  Eat: Chunk             |     1 |     5 |    12 |    31 |    32 ||    81
       Fruit             |       |       |     2 |     5 |     5 ||    12
       Meat ration       |       |       |       |     1 |       ||     1
       Pizza             |       |       |       |       |     1 ||     1
       Beef jerky        |       |       |       |       |     1 ||     1
Armor: Leather armour    |    28 |    27 |    39 |    76 |   105 ||   275
Dodge: Dodged            |    94 |    94 |    77 |   314 |   578 ||  1157
